 Dungeon Crawl Stone Soup version 0.32-a0-859-gb0a091d592 (webtiles) character file.

Game seed: 6581070077431126047

2849 SirDancealot the Cleaver (level 9, -6/78 HPs)
             Began as a Minotaur Fighter on Mar 27, 2024.
             Was a Believer of Okawaru.
             Mangled by an orc warrior
             ... wielding a +0 long sword
              (7 damage)
             ... on level 8 of the Dungeon on Mar 28, 2024.
             The game lasted 00:42:11 (6348 turns).

SirDancealot the Cleaver (Minotaur Fighter)         Turns: 6348, Time: 00:42:11

Health: -6/78      AC: 15    Str: 19    XL:     9   Next: 46%
Magic:  10/10      EV:  5    Int: 10    God:    Okawaru [**....]
Gold:   234        SH:  0    Dex: 11    Spells: 8/8 levels left

rFire   + . .        b - +2 executioner's axe of the Empty Page {heavy, rN+ Str-5 Int+5}
rCold   + . .        (shield currently unavailable)
rNeg    + . .        j - +2 plate armour {rC+}
rPois   +            (helmet restricted)
rElec   .            (no cloak)
rCorr   .            (no gloves)
SInv    .            (no boots)
Will    .....        B - amulet of regeneration Stlth
                     L - ring of poison resistance
HPRegen 1.13/turn    M - ring of protection from fire
MPRegen 0.12/turn

%: no passive effects
@: no status effects
A: horns 2, retaliatory headbutt
a: Renounce Religion, Heroism


You were on level 8 of the Dungeon.
You worshipped Okawaru.
Okawaru was pleased with you.
You visited 2 branches of the dungeon, and saw 9 of its levels.

You collected 598 gold pieces.
You spent 238 gold pieces at shops.
You paid 126 gold pieces to Gozag.

Inventory:

Hand Weapons
 a - a +0 war axe
 b - the +2 executioner's axe of the Empty Page (weapon) {heavy, rN+ Str-5 Int+5}
   (You acquired it on level 6 of the Dungeon)

   Str-5:     It affects your strength (-5).
   Int+5:     It affects your intelligence (+5).
   rN+:       It protects you from negative energy.
 I - a +1 broad axe of electrocution
Missiles
 H - a throwing net (quivered)
 K - 3 javelins
Armour
 c - a +0 buckler
 j - a +2 plate armour of cold resistance (worn)
 F - a +1 plate armour
Magical Staves
 e - a staff of death
 v - a staff of fire
Jewellery
 l - a ring of fire
 B - an amulet of regeneration (around neck)
 D - a ring of see invisible
 L - a ring of poison resistance (left hand)
 M - a ring of protection from fire (right hand)
Wands
 z - a wand of flame (27)
 A - a wand of polymorph (8)
 C - a wand of warping (10)
 J - a wand of acid (12)
Scrolls
 f - a scroll of immolation
 g - 3 scrolls of noise
 n - a scroll of identify
 q - a scroll of amnesia
Potions
 d - 3 potions of might
 h - 5 potions of curing
 i - a potion of ambrosia
 k - a potion of attraction
 m - a potion of berserk rage
 o - 2 potions of resistance
 p - a potion of cancellation
 r - 2 potions of lignification
 t - a potion of haste
 u - 2 potions of degeneration {unknown}


   Skills:
 + Level 6.5 Fighting
 * Level 11.3 Axes
 + Level 7.5 Armour
 - Level 2.2 Dodging
 - Level 1.8 Stealth
 + Level 5.4 Shields
 * Level 2.7 Invocations
 + Level 0.8 Evocations


You had 8 spell levels left.
You didn't know any spells.
Your spell library contained the following spells:

 Spells                   Type           Power      Damage    Failure   Level
 Apportation              Tloc           0%         N/A       100%        1
 Foxfire                  Conj/Fire      0%         2x1d4     100%        1
 Ensorcelled Hibernation  Hex/Ice        0%         N/A       100%        2
 Jinxbite                 Hex            0%         N/A       100%        2
 Mercury Vapours          Alch/Air       0%         N/A       100%        2
 Scorch                   Fire           0%         2d5       100%        2
 Sublimation of Blood     Necr           0%         N/A       100%        2
 Fugue of the Fallen      Necr           0%         N/A       100%        3
 Mephitic Cloud           Conj/Alch/Air  0%         N/A       100%        3
 Anguish                  Hex/Necr       0%         N/A       100%        4
 Flame Wave               Conj/Fire      0%         2d4       100%        4
 Alistair's Intoxication  Alch           0%         N/A       100%        5
 Freezing Cloud           Conj/Ice/Air   0%         6-21      100%        5
 Plasma Beam              Fire/Air       0%         2x1d10    100%        6
 Starburst                Conj/Fire      0%         6d3       100%        6
 Summon Small Mammal      Summ           Unusable   N/A       N/A         1
 Call Imp                 Summ           Unusable   N/A       N/A         2
 Call Canine Familiar     Summ           Unusable   N/A       N/A         3
 Summon Blazeheart Golem  Fire/Summ      Unusable   N/A       N/A         4
 Summon Cactus Giant      Summ           Unusable   N/A       N/A         6
 Summon Hydra             Summ           Unusable   N/A       N/A         7

Dungeon Overview and Level Annotations

Branches:
Dungeon (8/15)             Temple (1/1) D:5
   Lair: D:8-11

Altars:
Ashenzari
Cheibriados
Dithmenos
Elyvilon
Fedhas
Gozag
Hepliaklqana
Kikubaaqudgha
Makhleb
Nemelex Xobeh
Okawaru
Qazlal
Ru
Sif Muna
Trog
Uskayaw
Vehumet
Wu Jian
Xom
Yredelemnul
Zin
The Shining One

Shops:
D:7 (=*

Annotations:
D:7 exclusion: statue


Innate Abilities, Weirdness & Mutations

You have a pair of horns on your head.
You reflexively headbutt those who attack you in melee.


Message History

The orc warrior shouts!
The orc warrior goes berserk!
You barely miss the orc. The orc hits you but does no damage.
The orc hits you with a +0 dagger.
You slash the orc!
You kill the orc!
Okawaru accepts your kill.
The orc warrior rages.
The orc warrior hits you with a +0 long sword.
An orc comes into view. It is wielding a +0 dagger.
The orc warrior hits you with a +0 long sword!
You closely miss the orc warrior.
The orc shouts!
The orc warrior hits you with a +0 long sword.
The orc warrior barely misses you.
An orc comes into view. It is wielding a +0 whip.
The orc warrior barely misses you.
You closely miss the orc warrior.
The orc warrior hits you but does no damage.
The orc warrior hits you with a +0 long sword!
The orc warrior closely misses you.
You closely miss the orc warrior.
The orc warrior hits you with a +0 long sword! x3
* * * LOW HITPOINT WARNING * * *
You are too injured to fight recklessly!
You feel better.
The orc warrior hits you with a +0 long sword!!
* * * LOW HITPOINT WARNING * * *
The orc barely misses you. You furiously retaliate!
You headbutt the orc. The orc warrior barely misses you.
You closely miss the orc.
The orc is severely wounded.
You hit the orc warrior but do no damage.
The orc warrior hits you with a +0 long sword.
* * * LOW HITPOINT WARNING * * *
The orc warrior hits you but does no damage.
The orc hits you with a +0 dagger.
* * * LOW HITPOINT WARNING * * *
The orc warrior hits you with a +0 long sword!
You die...

....###........#
................# .
...[.....>.....#
#.#####.#............#
........#............#
.....................#
..........##.........#
......o...##.........#
#@.....#..######
#....oo...###...#
.'...........+...#####
.#...........#.......#
#...........#.......#
#...........#.......###
........................
...........#.........###
#....########


You could see an orc warrior (berserk, incited) and 2 orcs.

Vanquished Creatures
  Grum (D:8)
  Eustachio (D:4)
  A water moccasin (D:6)
  2 orc warriors
  An ice beast (D:6)
  2 hornet zombies (D:6)
  3 wolves (D:8)
  A phantom (D:5)
  A kobold brigand (D:6)
  4 bullfrogs
  2 scorpions (D:6)
  A burial acolyte (D:6)
  A wight (D:6)
  2 howler monkeys (D:6)
  3 bullfrog zombies (D:6)
  A human zombie (D:6)
  2 bullfrog skeletons (D:6)
  3 bombardier beetles
  A centaur zombie (D:6)
  5 orc priests
  A hound (D:5)
  A jelly (D:6)
  6 iguanas
  4 orc wizards
  4 gnolls (D:7)
  A howler monkey skeleton (D:6)
  8 adders
  A shadow imp (D:5)
  2 white imps (D:7)
  4 dart slugs
  3 ribbon worms
  30 orcs
  7 ball pythons
  6 bats
  13 endoplasms
  3 giant cockroaches
  9 goblins
  13 hobgoblins
  5 jackals (D:3)
  4 quokkas
  2 frilled lizards
  15 kobolds
  4 rats
184 creatures vanquished.

Vanquished Creatures (others)
  An ogre (D:5)
1 creature vanquished.

Grand Total: 185 creatures vanquished

Notes
Turn   | Place    | Note
-------+----------+-------------------------------------------
     0 | D:1      | SirDancealot the Minotaur Fighter began the quest for the
                  | Orb.
     0 | D:1      | Reached XP level 1. HP: 19/19 MP: 0/0
   174 | D:1      | Reached XP level 2. HP: 24/27 MP: 1/1
   429 | D:1      | Reached skill level 3 in Axes
   429 | D:1      | Reached XP level 3. HP: 30/33 MP: 2/2
  1031 | D:2      | Reached XP level 4. HP: 40/40 MP: 3/3
  1283 | D:2      | Reached skill level 4 in Axes
  1585 | D:3      | Found a faded altar of an unknown god.
  1589 | D:3      | Prayed at the altar of an unknown god.
  1589 | D:3      | Became a worshipper of Uskayaw the Reveller
  1589 | D:3      | Reached * piety under Uskayaw
  1631 | D:3      | You fall into a shaft and drop 3 floors!
  1641 | D:6      | Reached ** piety under Uskayaw
  1642 | D:6      | Reached skill level 1 in Dodging
  1642 | D:6      | Reached XP level 5. HP: 43/46 MP: 4/4
  1651 | D:6      | Reached *** piety under Uskayaw
  1653 | D:6      | Reached skill level 5 in Axes
  1765 | D:6      | Noticed an ice beast
  1778 | D:6      | Killed an ice beast
  1779 | D:6      | Reached skill level 5 in Armour
  1779 | D:6      | Reached XP level 6. HP: 36/53 MP: 5/5
  1814 | D:6      | Reached skill level 6 in Axes
  1962 | D:6      | Noticed a water moccasin
  1968 | D:6      | Killed a water moccasin
  1968 | D:6      | Reached **** piety under Uskayaw
  1969 | D:6      | Reached skill level 5 in Fighting
  1969 | D:6      | Reached skill level 1 in Stealth
  1969 | D:6      | Reached XP level 7. HP: 53/61 MP: 6/6
  2068 | D:6      | Reached skill level 7 in Axes
  2146 | D:5      | Entered Level 5 of the Dungeon
  2375 | D:4      | Noticed a +0 dagger
  2375 | D:4      | Noticed a +0 dagger
  2400 | D:4      | Found a hide-covered altar of Uskayaw.
  2505 | D:4      | Noticed Eustachio
  2519 | D:4      | Killed Eustachio
  3047 | D:3      | Found an opulent altar of Gozag.
  3156 | D:3      | Fell from the grace of Uskayaw
  3156 | D:3      | Became a worshipper of Gozag Ym Sagoz the Greedy
  3676 | D:5      | Reached skill level 8 in Axes
  3676 | D:5      | Reached XP level 8. HP: 69/69 MP: 7/7
  3783 | D:5      | Found a staircase to the Ecumenical Temple.
  3792 | Temple   | Entered the Ecumenical Temple
  3905 | Temple   | Fell from the grace of Gozag
  3905 | Temple   | Became a worshipper of Warmaster Okawaru
  4253 | D:5      | Found a white marble altar of Elyvilon.
  4648 | D:6      | Reached skill level 5 in Shields
  4809 | D:6      | Reached skill level 9 in Axes
  4830 | D:6      | Reached * piety under Okawaru
  4847 | D:6      | Reached skill level 1 in Invocations
  4874 | D:6      | Found an ancient bone altar of Kikubaaqudgha.
  5036 | D:7      | Reached skill level 10 in Axes
  5124 | D:7      | Found a burning altar of Makhleb.
  5143 | D:7      | Reached XP level 9. HP: 24/75 MP: 9/9
  5205 | D:7      | Found Myum's Weapon Shop.
  5218 | D:7      | Bought a +1 broad axe of electrocution for 238 gold pieces
  5255 | D:7      | Paralysed by the fury of Uskayaw for 4 turns
  5388 | D:7      | Found a radiant altar of Vehumet.
  5586 | D:7      | Found Nilurakk's Jewellery Boutique.
  5691 | D:7      | Found a broken altar of Ashenzari.
  5754 | D:7      | Found Qeawnymemm's Assorted Antiques.
  5927 | D:6      | Identified a scroll of acquirement
  5927 | D:6      | Acquired the +2 executioner's axe of the Empty Page {heavy,
                  | rN+ Str-5 Int+5}
  5998 | D:8      | Noticed Grum
  6003 | D:8      | Killed Grum
  6005 | D:8      | Reached ** piety under Okawaru
  6085 | D:8      | Reached skill level 11 in Axes
  6347 | D:8      | HP: 3/78 [orc warrior/+0 long sword (21)]
  6348 | D:8      | HP: 1/78 [orc/+0 dagger (1)]
  6348 | D:8      | Mangled by an orc warrior

Illustrated notes

Levels and vault maps discovered:
D:1:      roadster_arrival_rocket_small, layout_basic
D:2:      layout_loops_corners, hangedman_decor_opposing, serial_bayou_ford_a
D:3:      layout_basic, grunt_gozag_statues, shapermc_ecumenical_altar_venn,
          cheibrodos_sewer_entry_bend, minmay_vboxes
D:4:      layout_basic, dancing_weapons_uskayaw, uniq_eustachio
D:5:      layout_loops_ring, nicolae_elyvilon_temple_path,
          lemuel_temple_firewalk_b
D:6:      layout_rooms, lemuel_mausoleum_altar_kikubaaqudgha,
          nicolae_concentric_dashed_squares_wild
D:7:      layout_gridville, nicolae_ashenzari_skybound, vehumet_statue,
          mainiacjoe_overflow_boulevard, serial_shops,
          nicolae_shop_behind_doors, shop, nicolae_shop_tiny_glass
D:8:      layout_basic, nicolae_twisty_statue_hallways, uniq_grum
Temple:   regret_index_temple_generic_petals

Skill      XL: |  1  2  3  4  5  6  7  8  9 |
---------------+----------------------------+-----
Armour         | 4 5 6 7 |  7.5
Shields        | 4 5 |  5.4
Fighting       | 4 5 6 |  6.5
Axes           | 3 4 5 6 8 10 11 | 11.3
Dodging        | 1 2 |  2.2
Stealth        | 1 |  1.8
Invocations    | 1 2 |  2.7
Evocations     | |  0.8

Action                     |  1- 3 |  4- 6 |  7- 9 || total
---------------------------+-------+-------+-------++-------
  Melee: War axe           |    92 |    69 |   223 ||   384
         Headbutt          |     7 |    13 |    51 ||    71
         Executioner's axe |       |       |    42 ||    42
         Broad axe         |       |       |    16 ||    16
  Evoke: Wand              |       |       |    13 ||    13
    Use: Scroll            |       |       |    14 ||    14
         Potion            |       |       |     4 ||     4
   Stab: Paralysed         |       |     4 |     3 ||     7
 Armour: Scale mail        |    55 |    48 |     3 ||   106
         Chain mail        |       |       |    69 ||    69
         Plate armour      |       |       |   222 ||   222
  Dodge: Dodged            |    44 |    27 |    83 ||   154
  Block: Buckler           |    25 |    17 |    54 ||    96

Table legend: (Time is in decaauts)
 A = Elapsed time spent in this place.
 B = Non-inter-level travel time spent in this place.
 C = Inter-level travel time spent in this place.
 D = Time resting spent in this place.
 E = Time spent auto-exploring this place.
 F = Levels seen in this place.
 G = Mean time per level.
                   A        B        C        D        E       F      G
               +--------+--------+--------+--------+--------+-----+--------+
         Total |   6496 |   5847 |    649 |    266 |   4349 |   9 |  721.8 |
       Dungeon |   6394 |   5840 |    554 |    266 |   4349 |   8 |  799.2 |
        Temple |    102 |      7 |     95 |      0 |      0 |   1 |  102.0 |
               +--------+--------+--------+--------+--------+-----+--------+

Top non-repeatable levels by time:
     D:6: 1177 daAuts
     D:3: 1092 daAuts
     D:5: 949 daAuts
     D:2: 902 daAuts
     D:7: 860 daAuts
     D:1: 583 daAuts
     D:4: 435 daAuts
     D:8: 393 daAuts
  Temple: 102 daAuts
